 Dungeon Crawl Stone Soup version 0.31-a0-523-g071a6c1ffa (webtiles) character file.

Game seed: 16221073625521431121

5 Newt the Trooper (level 1, -3/18 HPs)
             Began as a Demonspawn Fighter on Aug 11, 2023.
             Succumbed to a kobold's poison
             ... on level 1 of the Dungeon.
             The game lasted 00:00:13 (274 turns).

Newt the Trooper (Demonspawn Fighter)                Turns: 274, Time: 00:00:13

Health: -3/18      AC:  6    Str: 16    XL:     1   Next: 66%
Magic:  1/1        EV:  8    Int:  9    God:
Gold:   16         SH:  4    Dex: 12    Spells: 0/0 levels left

rFire   . . .        a - +0 rapier
rCold   . . .        c - +0 buckler
rNeg    . . .        b - +0 scale mail
rPois   .            (helmet restricted)
rElec   .            (no cloak)
rCorr   .            (no gloves)
SInv    .            (no boots)
Will    .....        (no amulet) Stlth
                     (no ring)
HPRegen 0.23/turn    (no ring)
MPRegen 0.07/turn

%: clarity
@: lethally poisoned (-3 -> -25)
A: antennae 1, clarity, subdued magic 1
a: no special abilities


You were on level 1 of the Dungeon.
You visited 1 branch of the dungeon, and saw 1 of its levels.

You collected 16 gold pieces.

Inventory:

Hand Weapons
 a - a +0 rapier (weapon)
Armour
 b - a +0 scale mail (worn)
 c - a +0 buckler (worn)
Scrolls
 f - a scroll of fog {unknown}
Potions
 d - a potion of might
 e - a potion of curing {unknown}
 g - a potion of mutation
 h - a potion of haste {unknown}


   Skills:
 - Level 3.0 Fighting
 + Level 2.2 Short Blades
 - Level 2.6 Armour
 - Level 2.6 Shields


You couldn't memorise any spells.
You didn't know any spells.
Your spell library contained the following spells:

 Spells                   Type           Power      Damage    Failure   Level
 Animate Dead             Necr           0%         N/A       100%        4
 Haunt                    Necr/Summ      0%         N/A       100%        7
 Infestation              Necr           0%         N/A       100%        8


Dungeon Overview and Level Annotations

Branches:
Dungeon (1/15)

Altars:


Innate Abilities, Weirdness & Mutations

You have a pair of small antennae on your head.
You possess an exceptional clarity of mind.
Your spells are a little easier to cast, but a little less powerful.


Message History

g - 2 fizzy coppery potions
h - a viscous red potion No target in view!
Found a faded altar of an unknown god.
A kobold comes into view. It is wielding a +0 dagger of venom.
Found 8 stones.
The kobold shouts!
You hit the kobold but do no damage. The kobold hits you but does no damage.
You are poisoned.
You miss the kobold.
You feel sick. The kobold hits you but does no damage.
You are more poisoned.
A kobold is nearby!
You barely miss the kobold.
You feel very sick. The kobold hits you but does no damage.
You are lethally poisoned!
You closely miss the kobold.
You feel very sick. You block the kobold's attack.
You are too injured to fight recklessly!
You are too injured to fight recklessly!
You are too injured to fight recklessly!
You are too injured to fight recklessly!
You are too injured to fight recklessly!
You are too injured to fight recklessly!
You are too injured to fight recklessly!
Unknown command.
Unknown command.
You closely miss the kobold.
* * * LOW HITPOINT WARNING * * *
You feel very sick.
The kobold hits you with a +0 dagger of venom.
* * * LOW HITPOINT WARNING * * *
The kobold hits you with a +0 dagger of venom.
* * * LOW HITPOINT WARNING * * *
You are more poisoned.
It was a potion of mutation.
You feel extremely strange.
Your thoughts seem clearer.
Your connection to magic feels subdued.
A pair of antennae grows on your head!
You die...

. .#### ## ... .##>. .
#..#########
.##.#.#####.#..#.K(.....
.##.#.#.....#..#@# ......#...
....#.# .##.###.####...#.# ###
...).†.........#.###########_#
.#.............#.........#.#^#
.#.....####....#.#######.#.#.#
.#...#.####....###### #.#...#
.#...#.#............# #.#.###
.#####.#.###.#.####.# #.#.#


You could see a kobold.

Vanquished Creatures
  3 jackals (D:1)
  A goblin (D:1)
  A rat (D:1)
5 creatures vanquished.

Notes
Turn   | Place    | Note
-------+----------+-------------------------------------------
     0 | D:1      | Newt the Demonspawn Fighter began the quest for the Orb.
     0 | D:1      | Reached XP level 1. HP: 18/18 MP: 1/1
   240 | D:1      | Found a faded altar of an unknown god.
   274 | D:1      | Gained mutation: You possess an exceptional clarity of
                  | mind. [potion of mutation]
   274 | D:1      | Gained mutation: Your spells are a little easier to cast,
                  | but a little less powerful. [potion of mutation]
   274 | D:1      | Gained mutation: You have a pair of small antennae on your
                  | head. [potion of mutation]
   274 | D:1      | Succumbed to a kobold's poison

Illustrated notes

Levels and vault maps discovered:
D:1:      co_arrival_square_in_a_square_in_a_square, layout_basic,
          hellmonk_ecumenical_altar_leap_of_faith

Skill      XL: |  1 |
---------------+----+-----
Short Blades   | 2 |  2.2
Fighting       | |  3.0
Armour         | |  2.6
Shields        | |  2.6

Action                     || total
---------------------------++-------
  Melee: Rapier            ||    28
    Use: Potion            ||     1
 Armour: Scale mail        ||    14
  Dodge: Dodged            ||    12
  Block: Buckler           ||     8

Table legend: (Time is in decaauts)
 A = Elapsed time spent in this place.
 B = Non-inter-level travel time spent in this place.
 C = Inter-level travel time spent in this place.
 D = Time resting spent in this place.
 E = Time spent auto-exploring this place.
 F = Levels seen in this place.
 G = Mean time per level.
                   A        B        C        D        E       F      G
               +--------+--------+--------+--------+--------+-----+--------+
         Total |    278 |    278 |      0 |      0 |    230 |   1 |  278.0 |
       Dungeon |    278 |    278 |      0 |      0 |    230 |   1 |  278.0 |
               +--------+--------+--------+--------+--------+-----+--------+

Top non-repeatable levels by time:
     D:1: 278 daAuts
